Bupo ImSoHairy, neutral female gnomish Archeologist ---- $ |..-- |...| $ --..------ $ $ $ |....|..| $ --<.....| |...---- -------------------- ---.| -......................| |.| -. ---..------------.--- |^| -|..-- |...| |.| ..|...---- ---.---|.| |...I(..| --...-|^| |..^I..?| ---.-...|.--- $ --..----- |...........| |...| |...........| --..| |.........--- ---- $ ---..---.-- |.. --- $ $ --- Bupo ImSoHairy the Field Worker Experience level: 3 Strength: 16 Dexterity: 10 Constitution: 11 Intelligence: 17 Wisdom: 14 Charisma: 8 Health: 0(25) Energy: 14(14) Def: 2 Gold: 252 Moves: 1340 Dungeon seed: CuCkb5AArlzTC-sz Game ID: Bupo ImSoHairy_1465055770 Your Inventory: Coins $ - 252 gold pieces Armor e - an uncursed +0 leather armor (being worn) n - an uncursed +0 fedora (being worn) Comestibles b - 4 uncursed food rations m - 2 uncursed Grapefruits p - an uncursed cream pie Spellbooks s - an uncursed spellbook of confuse monster t - an uncursed spellbook of remove curse Potions l - an uncursed potion of object detection u - an uncursed potion of healing Wands d - a wand of light (0:11) o - a wand of enlightenment (0:14) Tools c - a +0 pick-axe (weapon in hand) f - a tinning kit (0:71) g - an uncursed sack h - an uncursed tin opener i - an uncursed oil lamp (0:1222) y - a cursed tallow candle (0:200) Gems q - an uncursed touchstone Contents of the sack: a +2 aklys a +2 bullwhip an uncursed leather drum Spells and supernatural/magical abilities: Name Level Category Fail Memory r - remove curse 3 clerical 98% 100% u - confuse monster 2 enchantment 73% 100% W - pray for help -- divine ? -- Your skills at the end: Miscellaneous Skills wands [Basic] Weapon Skills pick-axe [Basic] crossbow [Basic] whip [Basic] Spellcasting Skills Final Attributes: You were devoutly aligned. You were blinded. You had infravision. You were stealthy. You were fast. You are dead. Vanquished creatures: a gecko a jackal 2 foxes a kobold 6 newts a goblin 3 sewer rats 3 grid bugs 4 lichens 22 creatures vanquished. Voluntary challenges: You did not adorn yourself with jewelry or accessories. You were an atheist. You used a wielded weapon 23 times, starting on turn 176. You did not apply a unicorn horn. You read items or engraved 13 times, starting on turn 1184. You never genocided any monsters. You never polymorphed an object. You never changed form. You used no wishes. You never split a pudding. You never wrote Elbereth's name. You never violated your personal moral code. Dungeon overview: The Dungeons of Doom: levels 1 to 3 Level 1 a long staircase Level 2 a fountain Level 3 some fountains stairs to The Gnomish Mines The Gnomish Mines: Level 4 <- You were here stairs to The Dungeons of Doom History has recorded: On T:1 you entered the Dungeons of Doom to retrieve the Amulet of Yendor! On T:320 you reached level 2 of The Dungeons of Doom. On T:953 you advanced to experience level 2. On T:995 you reached level 3 of The Dungeons of Doom. On T:1208 you reached level 1 of The Gnomish Mines. On T:1305 you advanced to experience level 3. Score breakdown: Gold: 252 ( 25 points) Experience: 3 levels ( 200 points) Exploration: 4 levels ( 90 points) Discoveries: 3 items ( 150 points) Variety of kills: 9 monsters ( 450 points) Major goal: (nothing yet) ( 0 points) Survival: died (score multiplied by 3) Total score: 2745 Latest messages: There is nothing here to pick up. (6x) Katnip falls into a pit! A little dart shoots out at you! You are hit by a little dart. You kill the lichen! Welcome to experience level 3. You see here a lichen corpse. This lichen corpse tastes terrible! You finish eating the lichen corpse. Never mind. You have a little trouble lifting C - a scroll labeled KERNOD WEL. You drop a scroll labeled KERNOD WEL. You are momentarily blinded by a flash of light! Something bites! (5x) You hit something. Something bites! As you pronounce the formula on it, the scroll disappears. You feel very greedy, and sense gold! Your movements are now unencumbered. Something bites! You die... Final status: Goodbye Bupo ImSoHairy the Archeologist, killed by a kitten... You died in The Gnomish Mines on dungeon level 4 with 2745 points, and 252 pieces of gold, after 1340 moves. You were level 3 with a maximum of 25 hit points when you died.